 Dungeon Crawl Stone Soup version 0.31-a0-345-g1ebeae05c6 (webtiles) character file.

Game seed: 7688277866409235957

39 LeprechaunX the Ruffian (level 3, 0/23 HPs)
             Began as an Octopode Shapeshifter on July 22, 2023.
             Slain by a gnoll
             ... wielding a +0 whip
              (5 damage)
             ... on level 2 of the Dungeon.
             The game lasted 00:01:09 (829 turns).

LeprechaunX the Ruffian (Octopode Shapeshifter)      Turns: 829, Time: 00:01:10

Health: 0/23       AC:  1    Str: 16    XL:     3   Next: 45%
Magic:  3/3        EV: 18    Int: 10    God:
Gold:   74         SH:  0    Dex: 12    Spells: 2/2 levels left

rFire   . .          .
                       - Unarmed
rCold   . . .        (no shield)
rNeg    . . .        (helmet currently unavailable)
rPois   .            (no amulet)
rElec   .            e - +5 ring of evasion
rCorr   .            d - ring of wizardry
SInv    .            g - ring of wizardry
Will    .....        (no ring)
Stlth   ++           (no ring)
HPRegen 0.23/turn    (no ring)
MPRegen 0.08/turn    (no ring)
                     (no ring)

%: wizardry (x2)
@: beast-form
A: beast (slay +2), almost no armour, amphibious, 8 rings, camouflage 1,
gelatinous body 1, (nimble swimmer 1), tentacles
a: Begin Untransformation


You were on level 2 of the Dungeon.
You were a hulking beast.
You visited 1 branch of the dungeon, and saw 2 of its levels.

You collected 74 gold pieces.

Inventory:

Jewellery
 d - a ring of wizardry (right tentacle)
 e - a +5 ring of evasion (left tentacle)
 g - a ring of wizardry (on tentacle)
Talismans
 b - a beast talisman
Scrolls
 c - 2 scrolls of identify {unknown}
 i - a scroll of immolation {unknown}
Potions
 a - a potion of lignification
 f - a potion of heal wounds {unknown}
 h - a potion of attraction {unknown}


   Skills:
 + Level 1.6 Fighting
 + Level 2.3 Dodging
 * Level 3.6 Unarmed Combat
 + Level 3.2 Shapeshifting


You had 2 spell levels left.
You didn't know any spells.
Your spell library contained the following spells:

 Spells                   Type           Power      Damage    Failure   Level
 Inner Flame              Hex/Fire       0%         N/A       28%         3
 Tukima's Dance           Hex            0%         N/A       28%         3
 Flame Wave               Conj/Fire      0%         2d4       65%         4
 Passage of Golubria      Tloc           0%         N/A       65%         4
 Sticky Flame             Conj/Fire      0%         2d3       65%         4
 Yara's Violent Unravell  Hex/Tmut       0%         3d3       92%         5


Dungeon Overview and Level Annotations

Branches:
Dungeon (2/15)

Altars:


Innate Abilities, Weirdness & Mutations

You are a hulking beast.
Your limbs bulge with bestial killing power. (Slay +2)
You cannot wear most types of armour.
You are amphibious.
You can wear up to eight rings at the same time.
Your skin changes colour to match your surroundings (Stealth+).
Your rubbery body absorbs attacks. (AC +1, EV +1)
((You are camouflaged when in or above water. (Stealth+)))
You have tentacles for arms and can constrict up to eight enemies at once.


Message History

The gnoll shouts!
You completely miss the gnoll. You grab the gnoll.
You constrict the gnoll, but do no damage.
The gnoll hits you with a +0 whip. The gnoll hits you with a +0 club.
You tentacle-slap the gnoll.
The gnoll is heavily wounded.
You constrict the gnoll. The gnoll barely misses you.
The gnoll hits you with a +0 club.
You bludgeon the gnoll!
You kill the gnoll!
The quokka misses you.
Things that are here:
a +0 club; a gnoll corpse You tentacle-slap the quokka.
Your grab misses the quokka.
The quokka is severely wounded.
The quokka closely misses you. The gnoll closely misses you.
You barely miss the quokka. Your grab misses the quokka.
You squeeze the quokka.
You kill the quokka!
The gnoll hits you with a +0 whip.
The gnoll hits you from afar with a +0 spear.
* * * LOW HITPOINT WARNING * * *
Okay, then.
You tentacle-slap the gnoll. Your grab misses the gnoll.
The gnoll is lightly wounded.
The gnoll hits you with a +0 whip.
* * * LOW HITPOINT WARNING * * *
The gnoll completely misses you.
You tentacle-slap the gnoll. You grab the gnoll.
The gnoll is moderately wounded.
You constrict the gnoll. The gnoll barely misses you. x2
You tentacle-slap the gnoll but do no damage.
The gnoll is heavily wounded.
You constrict the gnoll. You tentacle-slap the gnoll.
You squeeze the gnoll, but do no damage.
The gnoll is severely wounded.
You constrict the gnoll. The gnoll misses you.
The gnoll hits you with a +0 whip.
You die...

.. ####. .......?...
.....r..... ...........
#.#g<..... #.#g.g#.###
#h#....... #g#...#.#
#ggg....## #
###......##.#
#...!...#.# ######
####.#.##..#.# .....
..#.#.......####
##.#.###.#.##.........#
#.....##.#.##.#..####.#


You could see 3 gnolls.

Vanquished Creatures
  A gnoll (D:2)
  3 bats (D:1)
  2 endoplasms
  4 giant cockroaches (D:1)
  6 goblins (D:1)
  3 quokkas
  A ball python (D:1)
  2 frilled lizards
  2 kobolds (D:1)
  2 rats
26 creatures vanquished.

Notes
Turn   | Place    | Note
-------+----------+-------------------------------------------
     0 | D:1      | LeprechaunX the Octopode Shapeshifter began the quest for
                  | the Orb.
     0 | D:1      | Reached XP level 1. HP: 13/13 MP: 1/1
   108 | D:1      | Reached XP level 2. HP: 16/18 MP: 2/2
   418 | D:1      | Reached XP level 3. HP: 23/23 MP: 3/3
   829 | D:2      | Slain by a gnoll

Illustrated notes

Levels and vault maps discovered:
D:1:      dpeg_arrival_tiny_h, layout_loops_ring, chequers_jeans
D:2:      layout_loops_cross, uniq_terence

Action                     || total
---------------------------++-------
  Melee: Unarmed           ||    48
         Constrict         ||    10
         Punch             ||     1
         Tentacles         ||     7
   Stab: Sleeping          ||     2
 Armour: Skin              ||     3
  Dodge: Dodged            ||    28

Table legend: (Time is in decaauts)
 A = Elapsed time spent in this place.
 B = Non-inter-level travel time spent in this place.
 C = Inter-level travel time spent in this place.
 D = Time resting spent in this place.
 E = Time spent auto-exploring this place.
 F = Levels seen in this place.
 G = Mean time per level.
                   A        B        C        D        E       F      G
               +--------+--------+--------+--------+--------+-----+--------+
         Total |    824 |    756 |     68 |      0 |    620 |   2 |  412.0 |
       Dungeon |    824 |    756 |     68 |      0 |    620 |   2 |  412.0 |
               +--------+--------+--------+--------+--------+-----+--------+

Top non-repeatable levels by time:
     D:1: 772 daAuts
     D:2: 51 daAuts
